 Dungeon Crawl Stone Soup version 0.20.1-1-g8b1a95d (webtiles) character file.

54 Megalobster the Covered (level 3, -3/51 HPs)
             Began as a Deep Dwarf Fighter on Aug 2, 2017.
             Killed from afar by Sigmund (7 damage)
             ... with a magic dart
             ... on level 2 of the Dungeon.
             The game lasted 00:04:31 (1163 turns).

Megalobster the Covered (Deep Dwarf Fighter)        Turns: 1163, Time: 00:04:31

Health: -3/51      AC: 21    Str: 20    XL:     3   Next: 66%
Magic:  3/3        EV:  2    Int:  8    God:
Gold:   73         SH:  9    Dex: 12    Spells: 2/2 levels left

rFire    . . .     SeeInvis .   a - +0 war axe
rCold    . . .     Gourm    .   c - +0 shield
rNeg     + + +     Faith    .   (armour currently unavailable)
rPois    +         Spirit   .   (helmet currently unavailable)
rElec    .         Reflect  .   (cloak currently unavailable)
rCorr    +         Harm     .   (gloves currently unavailable)
MR       .....     NoTele   +   (boots currently unavailable)
Stlth    +.........             (no amulet)
Regen    0.0/turn               l - ring of resist corrosion
MPRegen  0.1/turn               (no ring)

@: tree-form, non-regenerating
A: damage resistance, heal wounds, sense surroundings 1, no regeneration
a: Heal Wounds


You were on level 2 of the Dungeon.
You were not hungry.
You were a tree.
You visited 1 branch of the dungeon, and saw 2 of its levels.

You collected 73 gold pieces.

Inventory:

Hand Weapons
 a - a +0 war axe (weapon)
 g - a +2 mace of holy wrath
Missiles
 e - 10 poisoned needles
 i - 53 stones (quivered)
Armour
 b - a +0 scale mail (melded)
 c - a +0 shield (worn)
Jewellery
 l - a ring of resist corrosion (left branch)
Scrolls
 h - a scroll of remove curse {unknown}
 j - a scroll of teleportation {unknown}
 k - a scroll of noise {unknown}
 m - a scroll of magic mapping {unknown}
 p - a scroll of identify {unknown}
Potions
 d - a potion of might
 q - a potion of invisibility {unknown}
Comestibles
 f - 2 bread rations
 o - a chunk of flesh


   Skills:
 + Level 3.0 Fighting
 * Level 3.1 Axes
 + Level 3.8 Armour
 + Level 3.7 Shields


You had 2 spell levels left.
You didn't know any spells.

Dungeon Overview and Level Annotations

Branches:
Dungeon (2/15)

Altars:
Sif Muna

Annotations:
D:2 Sigmund


Innate Abilities, Weirdness & Mutations

You are resistant to damage.
You can heal yourself by infusing magical energy.
You passively map a small area around you.
You do not regenerate.


Message History

You cannot move. (Use ctrl+direction to attack without moving.) Unknown command.
You hear some strange, mumbled words.
A magic dart appears from out of thin air!
The magic dart hits you!
You feel less confused. Something hits you but does no damage.
You miss something. Something hits you.
You slash something! Something hits you but does no damage.
You closely miss something. Something hits you but does no damage.
You slash something! Something hits you but does no damage.
You hit something but do no damage. Something completely misses you.
You closely miss something. Something hits you but does no damage.
You miss something. Something hits you but does no damage.
You barely miss something. You miss something.
You hear some strange, mumbled words.
A magic dart appears from out of thin air!
The magic dart hits you!
You die...

#.# #.# #.#
#.###########
###########.##.........
##........##.##.#####...
#.......#.##.##.#####.#.
#....{............#.#.
,#....♣#.##.##.###.....
###...#.#...#.#####...
#...###...............
#.## #.#...#########. ..
,,...##.## #.. ## *
######.# #.. #.# #####..
* * ##'## #.>.... *,*
##...## #.###.#


There were no monsters in sight!

Vanquished Creatures
  2 adders (D:2)
  2 oozes
  A dart slug (D:2)
  2 ball pythons (D:2)
  A giant cockroach (D:2)
  7 goblins (D:1)
  A hobgoblin (D:1)
  3 bats (D:1)
  2 frilled lizards
  3 kobolds
  5 rats (D:1)
29 creatures vanquished.

Notes
Turn   | Place    | Note
-------+----------+-------------------------------------------
     0 | D:1      | Megalobster the Deep Dwarf Fighter began the quest for the Orb.
     0 | D:1      | Reached XP level 1. HP: 20/20 MP: 1/1
   207 | D:1      | Reached XP level 2. HP: 25/27 MP: 2/2
   785 | D:2      | Found a deep blue altar of Sif Muna.
   827 | D:2      | Reached XP level 3. HP: 32/34 MP: 3/3
  1141 | D:2      | Noticed Sigmund
  1163 | D:2      | Killed from afar by Sigmund

Skill      XL: |  1  2  3 |
---------------+----------+-----
Fighting       | 3 |  3.0
Axes           | 3 |  3.1
Armour         | |  3.8
Shields        | |  3.7

Action                   || total
-------------------------++-------
Melee: War axe           ||    91
  Use: Potion            ||     1
  Eat: Chunk             ||     1
Armor: Scale mail        ||    47
       Skin              ||     6
Dodge: Dodged            ||    20
Block: Shield            ||    49
